AoeStats
← Robert Hatemo

Arabia

510354494Analyzed
1v1 RM · 21h ago on Sep 30, 2026· 44m 16s· 2 players
Game mode
Random Map
Map size
Tiny (2 player)
Population
200
Speed
Normal
Resources
Standard
Victory
Conquest
Starting age
Dark Age
Ending age
Imperial Age
RankedLock teamsTeams togetherTeam positionsShared explorationLock speedFull tech treeHidden civsTurbo modeCheats
Victory
Defeat
🇹🇷 Bengalis · Türkiye
1158
+16
🇦🇷 Persians · Argentina
1150
-16
MITOELMEJOR
4:14 Loom
5:20 Loom
23:04 Feudal Age
23:57 Double-Bit Axe
23:56 Horse Collar
25:03 Wheelbarrow
24:38 Town Watch
31:58 Castle Age
33:24 Hand Cart
33:21 Bow Saw
33:16 Heavy Plow
34:07 Stone Mining
42:15 Scale Mail Armor
Robert Hatemo
5:26 Loom
10:19 Feudal Age
24:17 Double-Bit Axe
35:04 Forging
35:19 Bloodlines
40:42 Castle Age
40:06 Scale Barding Armor
40:18 Horse Collar
41:34 Light Cavalry
42:32 Gold Mining
Connection lost

Rejoining the realm…

Still unreachable

The connection could not be restored.

Session expired

The server has moved on; the page needs a fresh start.